 Dungeon Crawl Stone Soup version 0.27-a0-40-g5f2be0e231 (webtiles) character file.

Game seed: 5227338027727819275

600 Borgoz the Cutter (level 7, -4/43 HPs)
             Began as a Gargoyle Gladiator on Jan 6, 2021.
             Slain by a water moccasin (6 damage)
             ... on level 4 of the Dungeon.
             The game lasted 00:05:52 (4954 turns).

Borgoz the Cutter (Gargoyle Gladiator)              Turns: 4954, Time: 00:05:52

Health: -4/43      AC:  9    Str: 18    XL:     7   Next: 41%
Magic:  7/7        EV: 13    Int:  8    God:
Gold:   43         SH:  0    Dex: 13    Spells: 6/6 levels left

rFire    . . .     SeeInvis +   n - +3 dagger
rCold    . . .     Faith    +   (no shield)
rNeg     + . .     Spirit   .   b - +0 leather armour
rPois    ∞         Reflect  .   c - +0 helmet
rElec    +         Harm     .   (no cloak)
rCorr    .         Rampage  .   (no gloves)
Will     .....                  (no boots)
Stlth    +++.......             u - amulet of faith
HPRegen  0.14/turn              p - ring of see invisible
MPRegen  0.10/turn              e - ring of stealth

@: no status effects
A: negative energy resistance 1, electricity resistance, unbreathing,
petrification resistance, miasma immunity, AC +4
a: no special abilities


You were on level 4 of the Dungeon.
You visited 1 branch of the dungeon, and saw 5 of its levels.

You collected 188 gold pieces.
You spent 145 gold pieces at shops.

Inventory:

Hand Weapons
 a - a +0 rapier
 n - a +3 dagger (weapon)
Missiles
 d - a throwing net (quivered)
Armour
 b - a +0 leather armour (worn)
 c - a +0 helmet (worn)
Jewellery
 e - a ring of stealth (right hand)
 l - an uncursed ring of flight
 p - a ring of see invisible (left hand)
 u - an amulet of faith (around neck)
Scrolls
 f - 2 scrolls of teleportation {unknown}
 h - 2 scrolls of random uselessness {unknown}
 i - a scroll of enchant weapon {unknown}
 j - 3 scrolls of fear {unknown}
 k - a scroll of magic mapping {unknown}
 m - a scroll of enchant armour {unknown}
 o - 2 scrolls of remove curse {unknown}
 t - 3 scrolls of amnesia {unknown}
 w - 2 scrolls of fog {unknown}
 y - a scroll of identify
 z - a scroll of immolation {unknown}
Potions
 g - a potion of might
 q - 2 potions of brilliance
 r - a potion of heal wounds
 s - a potion of ambrosia
 v - 2 potions of curing
 x - 2 potions of berserk rage
 A - a potion of resistance
 B - a potion of flight {unknown}


   Skills:
 + Level 4.1 Fighting
 * Level 4.9 Short Blades
 - Level 1.8 Throwing
 + Level 2.9 Armour
 + Level 3.6 Dodging
 + Level 3.2 Stealth


You had 6 spell levels left.
You didn't know any spells.
Your spell library was empty.

Dungeon Overview and Level Annotations

Branches:
Dungeon (5/15)
 Temple: D:4-7

Altars:

Shops:
D:4 *!*=


Innate Abilities, Weirdness & Mutations

You are resistant to torment.
Your stone body is resilient. (AC +4)
You are immune to poison.
You resist negative energy. (rN+)
You are resistant to electric shocks. (rElec)
You can survive without breathing.
You are immune to petrification.
You are immune to miasma.


Message History

You hit the water moccasin.
The water moccasin is heavily wounded.
The water moccasin bites you.
* * * LOW HITPOINT WARNING * * *
You hit the water moccasin but do no damage.
The water moccasin is heavily wounded.
The water moccasin closely misses you.
You hit the water moccasin.
The water moccasin is heavily wounded.
The water moccasin bites you.
* * * LOW HITPOINT WARNING * * *
Throw: 2 throwing nets
Press: ? - help, Q - select action Shift-Dir - straight line, f - water moccasin
Aim: a water moccasin (heavily wounded)
You throw a throwing net.
The throwing net closely misses the water moccasin.
The water moccasin bites you.
* * * LOW HITPOINT WARNING * * *
The water moccasin bites you.
You die...

......#..# ##..## ####
#.#.#.##.## #..##
###†..
......##..######## #..#
#.....
#.#.#..#.........# #..#
#.....
..........#####..# #..#
#####. #.#.#.....##
#..# #..# ##
......##...####..# #..#
#.#.#.###.....∩..###..#
......# ##....))@S...(#
####### ##............#
#######.=.#####.....##
#........## ##.....#
##.......# #.###.##
#######.# #.#
##.######### #.# ##.#
##.##...... ##.# ##.##
##.#.#.∩.# ##..# ###..#
#...#...#


You could see a water moccasin.

Vanquished Creatures
  Menkaure (D:4)
  A howler monkey (D:4)
  An orc wizard (D:4)
  A hound (D:4)
  An orc priest (D:4)
  Jessica (D:2)
  Terence (D:2)
  Natasha (twice) (D:2)
  An iguana (D:4)
  2 worker ants (D:4)
  4 adders
  3 gnolls (D:4)
  2 oozes
  An adder skeleton (D:2)
  2 dart slugs
  2 worms
  3 leopard geckos
  13 orcs
  3 giant cockroaches
  4 goblins
  6 hobgoblins
  6 jackals
  7 kobolds
  A quokka (D:4)
  A ball python (D:3)
  9 bats
  3 frilled lizards
  A quokka skeleton (D:4)
  12 rats
95 creatures vanquished.

Notes
Turn   | Place    | Note
-------+----------+-------------------------------------------
     0 | D:1      | Borgoz the Gargoyle Gladiator began the quest for the Orb.
     0 | D:1      | Reached XP level 1. HP: 12/12 MP: 1/1
   191 | D:1      | Reached XP level 2. HP: 18/18 MP: 2/2
   958 | D:2      | Noticed Natasha
   965 | D:2      | Noticed a crimson imp
   969 | D:2      | Killed Natasha
   970 | D:2      | Reached skill level 1 in Armour
   970 | D:2      | Reached skill level 1 in Stealth
   970 | D:2      | Reached XP level 3. HP: 9/22 MP: 3/3
  1568 | D:2      | Reached XP level 4. HP: 27/27 MP: 4/4
  1574 | D:2      | Noticed Jessica
  1596 | D:2      | Killed Jessica
  2015 | D:2      | Noticed Natasha
  2026 | D:2      | Killed Natasha
  2027 | D:2      | Reached XP level 5. HP: 16/32 MP: 5/5
  2235 | D:2      | Noticed Terence
  2243 | D:2      | Killed Terence
  3367 | D:4      | Reached XP level 6. HP: 6/37 MP: 6/6
  3645 | D:4      | Found Luhahemu's Assorted Antiques.
  3655 | D:4      | Bought a scroll labelled YREIME NABRAMM for 24 gold pieces
  3655 | D:4      | Bought a scroll labelled RALEGA PEBISH for 24 gold pieces
  3655 | D:4      | Bought a scroll labelled EMUEBALAMEWN for 24 gold pieces
  3655 | D:4      | Bought a scroll labelled SIUTAW AHIPN for 24 gold pieces
  3655 | D:4      | Bought a glowing purple potion for 21 gold pieces
  3703 | D:4      | Noticed Menkaure
  3721 | D:4      | Killed Menkaure
  3818 | D:4      | Found Ciseots's Distillery.
  4013 | D:4      | Reached XP level 7. HP: 24/42 MP: 7/7
  4181 | D:4      | Found Buuqibb's Assorted Antiques.
  4408 | D:4      | Bought a scroll labelled SIUTAW AHIPN for 28 gold pieces
  4441 | D:4      | Found Quwesmop's Jewellery Boutique.
  4896 | D:5      | Entered Level 5 of the Dungeon
  4954 | D:4      | HP: 2/43 [water moccasin (4)]
  4954 | D:4      | Slain by a water moccasin

Illustrated notes

Levels and vault maps discovered:
D:1:      amcnicky_arrival_single_pillar, layout_basic
D:2:      layout_loops_ring, uniq_jessica, uniq_terence, uniq_natasha
D:3:      minmay_door_path, layout_basic
D:4:      layout_layer_cave, serial_shops, shop, shop, nicolae_shop_stone,
          nicolae_shop_window_shopping, serial_glass, glass_columns_c,
          glass_columns_a, uniq_menkaure
D:5:      layout_basic, overflow_temple_1_default, skrybe_limestone_x

Skill      XL: |  1  2  3  4  5  6  7 |
---------------+----------------------+-----
Short Blades   | 3 4 |  4.9
Armour         | 1 2 |  2.9
Stealth        | 1 2 3 |  3.2
Fighting       | 3 4 |  4.1
Dodging        | 3 |  3.6
Throwing       | |  1.8

Action                   |  1- 3 |  4- 6 |  7- 9 || total
-------------------------+-------+-------+-------++-------
Melee: Rapier            |    82 |    84 |       ||   166
       Dagger            |       |   104 |   100 ||   204
Throw: Throwing net      |     1 |     2 |     1 ||     4
  Use: Scroll            |       |       |     6 ||     6
 Stab: Sleeping          |     4 |     8 |     3 ||    15
       Held in net/web   |       |     1 |       ||     1
Armor: Leather armour    |    21 |    53 |    54 ||   128
Dodge: Dodged            |    43 |   107 |    65 ||   215

Table legend: (Time is in decaauts)
 A = Elapsed time spent in this place.
 B = Non-inter-level travel time spent in this place.
 C = Inter-level travel time spent in this place.
 D = Time resting spent in this place.
 E = Time spent auto-exploring this place.
 F = Levels seen in this place.
 G = Mean time per level.
                   A        B        C        D        E       F      G
               +--------+--------+--------+--------+--------+-----+--------+
         Total |   4926 |   4797 |    129 |   1537 |   2488 |   5 |  985.2 |
       Dungeon |   4926 |   4797 |    129 |   1537 |   2488 |   5 |  985.2 |
               +--------+--------+--------+--------+--------+-----+--------+

Top non-repeatable levels by time:
     D:4: 1571 daAuts
     D:2: 1409 daAuts
     D:1: 1195 daAuts
     D:3: 709 daAuts
     D:5: 39 daAuts
